 Dungeon Crawl Stone Soup version 0.31-a0-217-g58bb5d79cf (webtiles) character file.

Game seed: 16565963354875029652

177 qw the Chopper (level 5, 0/32 HPs)
             Began as a Gargoyle Fighter on July 2, 2023.
             Slain by a gnoll
             ... wielding a +0 spear
             ... led by a gnoll bouda
              (1 damage)
             ... on level 4 of the Dungeon.
             The game lasted 00:01:25 (2278 turns).

qw the Chopper (Gargoyle Fighter)                   Turns: 2278, Time: 00:01:26

Health: 0/32       AC: 14    Str: 21    XL:     5   Next: 57%
Magic:  5/5        EV:  4    Int:  9    God:
Gold:   155        SH:  4    Dex:  9    Spells: 4/4 levels left

rFire   . . .        Y - +1 war axe
rCold   . . .        c - +0 buckler
rNeg    + . .        i - +0 chain mail
rPois   inf          j - +0 helmet
rElec   +            (no cloak)
rCorr   .            (no gloves)
SInv    .            (no boots)
Will    .....        (no amulet) Stlth
                     (no ring)
HPRegen 0.25/turn    (no ring)
MPRegen 0.09/turn

%: no passive effects
@: weakened, constricted
A: sickness immunity, AC +4, negative energy resistance 1, electricity
resistance, torment resistance 1, petrification resistance
a: no special abilities


You were on level 4 of the Dungeon.
You visited 1 branch of the dungeon, and saw 4 of its levels.

You collected 155 gold pieces.


Innate Abilities, Weirdness & Mutations

You are immune to sickness and miasma.
Your stone body is resilient. (AC +4)
You are immune to poison.
You resist negative energy. (rN+)
You are resistant to electric shocks. (rElec)
You are resistant to unholy torment.
You are immune to petrification.


   Skills:
 - Level 3.2 Fighting
 + Level 5.1 Axes
 - Level 3.2 Armour
 - Level 3.2 Shields


You had 4 spell levels left.
You didn't know any spells.
Your spell library was empty.

Inventory:

Hand Weapons
 e - a +0 mace
 Y - a +1 war axe (weapon)
Missiles
 l - 2 boomerangs (quivered)
Armour
 c - a +0 buckler (worn)
 i - a +0 chain mail (worn)
 j - a +0 helmet (worn)
Scrolls
 b - a scroll of acquirement {unknown}
Potions
 a - 2 potions of enlightenment {unknown}
 d - 2 potions of might
 f - a potion of attraction {unknown}
 g - a potion of curing {unknown}
 h - a potion of brilliance {unknown}

Dungeon Overview and Level Annotations

Branches:
Dungeon (4/15)
 Temple: D:4-7

Altars:
Cheibriados

Shops:
D:2 (

Annotations:
D:3 3 runed translucent doors, qw's ghost, amateur DEHu


Message History

You feel as though you will be weak longer.
The gnoll bouda hits you but does no damage.
The gnoll hits you but does no damage. The gnoll closely misses you.
The gnoll bouda hits you with a +0 club!
The kobold shouts!
You hit the gnoll bouda.
The gnoll bouda is almost dead.
You hit the gnoll. x2
The gnoll barely misses you. You block the gnoll's attack.
The gnoll hits you with a +0 whip. The gnoll hits you but does no damage.
The gnoll bouda hits you but does no damage.
You hit the gnoll bouda but do no damage.
The gnoll bouda is almost dead.
You completely miss the gnoll. You closely miss the gnoll. x2
The gnoll hits you but does no damage. x3
The gnoll hits you with a +0 whip of holy wrath.
You block the gnoll bouda's attack. The gnoll closely misses you.
You closely miss the gnoll bouda.
The gnoll bouda is almost dead.
You hit the gnoll. You barely miss the gnoll. You closely miss the gnoll.
The gnoll closely misses you. The gnoll hits you but does no damage.
The gnoll barely misses you.
The gnoll bouda calls upon its god to heal the gnoll.
The gnoll's wounds heal themselves!
The gnoll barely misses you. The gnoll closely misses you.
The gnoll hits you but does no damage.
The gnoll hits you with a +0 whip of holy wrath.
You slash the gnoll bouda!
You kill the gnoll bouda!
You hit the gnoll. You slash the gnoll! You hit the gnoll.
The gnoll hits you from afar with a +0 spear.
The gnoll hits you with a +0 whip. You block the gnoll's attack.
The ball python barely misses you. The ball python grabs you.
The ball python constricts you. The gnoll hits you but does no damage.
Your Axes skill increases to level 5!
You completely miss the ball python. You closely miss the gnoll.
You hit the gnoll.
You kill the gnoll!
You closely miss the gnoll.
The gnoll hits you from afar with a +0 spear.
You die...

........#####....
....... ###.....#......
.......#####......:.....
.........##..........%..
.....................##.
.......!...#...#.#......
...........#...#####....
.....gg..>#.....## #....
.....wS@.........##.....
.....Kgr.[..............
..........#.............
..........#............#
................<...#.##
.................##.#. #
....#...........### ._ .
...###............ #....
.......


You could see a worm, 3 gnolls, a quokka, a ball python and a kobold.

Vanquished Creatures
  A gnoll bouda (D:4)
  An iguana (D:4)
  A gnoll (D:4)
  4 adders
  A worm (D:4)
  A dart slug (D:4)
  3 orcs
  5 ball pythons
  5 bats
  10 endoplasms
  4 giant cockroaches
  9 goblins
  7 hobgoblins
  5 jackals
  5 kobolds
  3 quokkas
  4 frilled lizards
  8 rats
77 creatures vanquished.

Notes
Turn   | Place    | Note
-------+----------+-------------------------------------------
     0 | D:1      | qw the Gargoyle Fighter began the quest for the Orb.
     0 | D:1      | Reached XP level 1. HP: 14/14 MP: 1/1
     0 | D:1      | 0 ||| qw: Version: 0.3-a-40-ge99b1a8
     0 | D:1      | 0 ||| qw: Game counter: 178
     0 | D:1      | 0 ||| qw: Melee chars always use a shield: true
     0 | D:1      | 0 ||| qw: God list: Okawaru
     0 | D:1      | 0 ||| qw: Allow faded altars: false
     0 | D:1      | 0 ||| qw: Do Orc after clearing Dungeon:15 true
     0 | D:1      | 0 ||| qw: Do second Lair branch before Depths: true
     0 | D:1      | 0 ||| qw: Lair rune preference: random
     0 | D:1      | 0 ||| qw: Goals: Normal, Zot:1-4, Slime:5, God:TSO, Crypt,
                  | Tomb, Abyss, Pan, Hells, Win
     0 | D:1      | 0 ||| PLANNING D:1-11
    40 | D:1      | Reached skill level 2 in Axes
   102 | D:1      | Reached XP level 2. HP: 19/19 MP: 2/2
   157 | D:1      | 157 ||| Stepping ~*~*~tactically~*~*~ (stealth).
   495 | D:1      | 495 ||| READING scroll labelled DECOAPH UHOSUA.
   496 | D:1      | 496 ||| READING scroll labelled RIMEON YRUC PYPS.
   547 | D:2      | Reached skill level 3 in Axes
   547 | D:2      | Reached XP level 3. HP: 17/23 MP: 3/3
   681 | D:2      | 681 ||| Stepping ~*~*~tactically~*~*~ (hiding).
   682 | D:2      | 682 ||| Stepping ~*~*~tactically~*~*~ (hiding).
   684 | D:2      | 684 ||| Stepping ~*~*~tactically~*~*~ (hiding).
   855 | D:2      | 855 ||| Stepping ~*~*~tactically~*~*~ (stealth).
   878 | D:2      | Found Ruhyomun's Antique Weapon Shop.
   892 | D:2      | 892 ||| SHOPLISTING glowing flail (130 gold, have 79).
   931 | D:2      | Reached XP level 4. HP: 28/28 MP: 4/4
   991 | D:2      | 991 ||| Stepping ~*~*~tactically~*~*~ (stealth).
  1216 | D:2      | 1216 ||| UPGRADING to +0 chain mail.
  1226 | D:2      | 1226 ||| DROPPING +0 scale mail.
  1227 | D:2      | 1227 ||| UPGRADING to +0 helmet.
  1232 | D:2      | 1232 ||| READING 2 scrolls labelled XAREM EXKITT.
  1233 | D:2      | 1233 ||| READING scroll labelled HIUPHY MYTU.
  1334 | D:2      | 1334 ||| READING scroll labelled ECY JUITTUA.
  1335 | D:2      | 1335 ||| DROPPING scroll of fog.
  1412 | D:3      | Found a runed translucent gate.
  1413 | D:3      | Found a runed translucent gate.
  1416 | D:3      | Found a runed translucent gate.
  1416 | D:3      | Noticed qw's ghost (amateur DEHu)
  1419 | D:3      | Noticed a kobold brigand
  1463 | D:3      | Reached skill level 4 in Axes
  1547 | D:3      | 1547 ||| Stepping ~*~*~tactically~*~*~ (hiding).
  1548 | D:3      | 1548 ||| Stepping ~*~*~tactically~*~*~ (hiding).
  1744 | D:3      | 1744 ||| Stepping ~*~*~tactically~*~*~ (stealth).
  1814 | D:3      | 1814 ||| Stepping ~*~*~tactically~*~*~ (stealth).
  1973 | D:3      | 1973 ||| DROPPING +0 club.
  2108 | D:3      | 2108 ||| READING scroll labelled GOLUEM OLASIFI.
  2109 | D:3      | 2109 ||| READING scroll labelled ZYGGAMOPETT.
  2110 | D:3      | 2110 ||| READING scroll labelled GUJE UHAFORA.
  2146 | D:4      | Found a snail-covered altar of Cheibriados.
  2164 | D:4      | Reached XP level 5. HP: 32/32 MP: 5/5
  2216 | D:4      | 2216 ||| DROPPING +0 whip.
  2276 | D:4      | HP: 8/32 [gnoll/+0 whip of holy wrath[a gnoll bouda] (2)]
  2277 | D:4      | HP: 1/32 [gnoll/+0 whip[a gnoll bouda] (6)]
  2278 | D:4      | Reached skill level 5 in Axes
  2278 | D:4      | Slain by a gnoll

Levels and vault maps discovered:
D:1:      ncdulo_lavacross, layout_rooms
D:2:      layout_loops_ring, serial_shops, nicolae_shop_tiny_waterfront,
          chequers_arboretum
D:3:      layout_rooms, gammafunk_ghost_nasty_kobolds,
          dreamdust_princess_bridge, minmay_misc_feat_diagonals, minmay_ruptured
D:4:      layout_cave_pools, lemuel_crystal_altar

Skill      XL: |  1  2  3  4  5 |
---------------+----------------+-----
Axes           | 2 3 4 5 |  5.1
Fighting       | |  3.2
Armour         | |  3.2
Shields        | |  3.2

Action                     |  1- 3 |  4- 6 || total
---------------------------+-------+-------++-------
  Melee: War axe           |    66 |    94 ||   160
  Throw: Boomerang         |       |    77 ||    77
    Use: Scroll            |     2 |     6 ||     8
 Armour: Scale mail        |    22 |     4 ||    26
         Chain mail        |       |    59 ||    59
  Dodge: Dodged            |    23 |    45 ||    68
  Block: Buckler           |    16 |    17 ||    33

Table legend:
 A = Non-vault XP
 B = Vault XP
 C = Vault XP percentage of total XP
 D = Non-vault monster count
 E = Vault monster count
 F = Vault count percentage of total count
                 A         B        C        D         E       F
            +---------+---------+-------+---------+---------+-------
      Total |     263 |       5 |   1.9 |      74 |       3 |   3.9
            +---------+---------+-------+---------+---------+-------
        D:1 |      24 |       0 |   0.0 |      14 |       0 |   0.0
        D:2 |      66 |       0 |   0.0 |      24 |       0 |   0.0
        D:3 |      63 |       5 |   7.4 |      24 |       3 |  11.1
        D:4 |     110 |       0 |   0.0 |      12 |       0 |   0.0
            +---------+---------+-------+---------+---------+-------
